 Dungeon Crawl Stone Soup version 0.31.0-1-g2c135a0 (webtiles) character file.

Game seed: 16495998891611793031

89 edsrzf the Apothecary (level 4, -6/27 (30) HPs)
             Began as a Formicid Alchemist on Feb 2, 2024.
             Mangled by Crazy Yiuf
             ... wielding a +4 quarterstaff of chaos
              (13 damage)
             ... on level 2 of the Dungeon on Feb 3, 2024.
             The game lasted 00:05:04 (2172 turns).

edsrzf the Apothecary (Formicid Alchemist)          Turns: 2172, Time: 00:05:04

HP:   -6/27 (30)    AC:  2    Str: 21    XL:     4   Next: 84%
MP:   5/9           EV: 12    Int: 14    God:
Gold: 127           SH:  0    Dex: 14    Spells: 6/10 levels left

rFire   . . .        (no weapon)
rCold   . . .        (no shield)
rNeg    . . .        a - +0 robe
rPois   .            (helmet unavailable)
rElec   .            (no cloak)
rCorr   .            (no gloves)
SInv    +            (no boots)
Will    .....        (no amulet)
Stlth   ++           f - +4 ring of slaying
HPRegen 0.24/turn    n - +6 ring of strength
MPRegen 0.11/turn

%: no passive effects
@: very slightly contaminated, heavily drained
A: permanent stasis, dig shafts and tunnels, antennae 3, four strong arms
a: Dig, Shaft Self


You were on level 2 of the Dungeon.
You visited 1 branch of the dungeon, and saw 2 of its levels.

You collected 127 gold pieces.

Inventory:

Missiles
 c - 4 poisoned darts
Armour
 a - a +0 robe (worn)
 m - a +0 kite shield
Jewellery
 f - a +4 ring of slaying (left hand)
 n - a +6 ring of strength (right hand)
Scrolls
 h - a scroll of noise {unknown}
 j - 3 scrolls of identify {unknown}
 l - a scroll of amnesia {unknown}
Potions
 b - a potion of magic
 i - a potion of invisibility {unknown}
 k - a potion of brilliance
 o - a potion of enlightenment {unknown}


   Skills:
 - Level 1.7 Dodging
 - Level 2.4 Stealth
 + Level 3.6 Spellcasting
 + Level 2.7 Conjurations
 - Level 4.0 Alchemy


You had 6 spell levels left.
You knew the following spells:

 Your Spells              Type           Power      Damage    Failure   Level
C - Mephitic Cloud        Conj/Alch/Air  8%         N/A       24%         3
X - Sting                 Conj/Alch      48%        1d6       4%          1

Your spell library contained the following spells:

 Spells                   Type           Power      Damage    Failure   Level
 Mercury Vapours          Alch/Air       16%        N/A       13%         2
 Olgreb's Toxic Radiance  Alch           13%        N/A       36%         4
 Sticky Flame             Fire/Alch      8%         2d4       65%         4


Dungeon Overview and Level Annotations

Branches:
Dungeon (2/15)

Altars:

Annotations:
D:2 Crazy Yiuf, Sigmund


Innate Abilities, Weirdness & Mutations

You cannot be hasted, slowed, berserked, paralysed or teleported.
You can dig through walls and to a lower floor.
You have a pair of large antennae on your head. (SInv)
Your four strong arms can wield two-handed weapons with a shield.


Message History

Natasha is almost dead.
Natasha mumbles some strange words.
Unknown command.
You punch Natasha!
You kill Natasha!
Natasha screams in fury as she dies!
Unknown command.
You start resting.
You feel a little less clever now.
You start resting.
Magic restored.
Unknown command.
You start resting.
You feel a little less mighty now.
You start resting.
You sense a monster nearby.
HP restored.
You see here a +0 short sword.
You sense a monster nearby.
A bat comes into view.
Casting: Sting (safe; 4% risk of failure)
Confirm with . or Enter, or press ? or * to list all spells.
The sting hits the bat.
The bat is poisoned.
The bat is severely wounded.
The bat closely misses you.
A bat is nearby!
Casting: Sting (safe; 4% risk of failure)
Confirm with . or Enter, or press ? or * to list all spells.
The sting hits the bat.
The bat looks even sicker.
You kill the bat!
Magic restored.
There is an escape hatch in the floor here.
You see here a bat corpse.
Found 4 stones.
You see here 4 stones.
You see here 4 stones.
Found a stone staircase leading down.
Found seven hammers.
Found seven hammers.
Found eight hammers and an iridescent hammer.
Found ten hammers.
Found nine hammers and a glowing hammer.
Found nine hammers.
Found three hammers.
Found a runed translucent door.
Found five hammers.
You see here a +0 hammer.
Found five hammers.
You see here a +2 hammer of venom.
Found three hammers.
You see here the +2 hammer "Qefeorem" {elec, rC+ Int+3 Dex-3 SInv}.
Found a hammer.
Crazy Yiuf twirls on the spot.
You see here a +0 hammer.
Found three hammers.
You see here a +0 hammer.
Press: ? - help, v - describe, . - travel, g - get item Item here: a glowing hammer.
The floor.
Unknown command.
You see here a +0 hammer.
Press: ? - help, v - describe, . - travel, g - get item
Here: Crazy Yiuf, wielding a +4 quarterstaff of chaos and wearing a +0 cloak (fire blocked by a runed translucent door) Item here: a hammer.
The floor.
Unknown command.
You open the door.
Casting: Sting (safe; 4% risk of failure)
Confirm with . or Enter, or press ? or * to list all spells.
The sting misses Crazy Yiuf.
Crazy Yiuf says, "Mama forty-two verde!"
Crazy Yiuf barely misses you.
Casting: Sting (safe; 4% risk of failure)
Confirm with . or Enter, or press ? or * to list all spells.
The sting hits Crazy Yiuf.
Crazy Yiuf is poisoned.
Crazy Yiuf is lightly wounded.
Crazy Yiuf hits you with a +4 quarterstaff of chaos!
Crazy Yiuf freezes you.
You are too injured to fight recklessly!
You are too injured to fight recklessly!
Casting: Sting (safe; 4% risk of failure)
Confirm with . or Enter, or press ? or * to list all spells.
Aiming: Sting (safe; 4% risk of failure)
Press: ? - help, Shift-Dir - straight line, f/p - Crazy Yiuf
Aim: Crazy Yiuf, wielding a +4 quarterstaff of chaos and wearing a +0 cloak (moderately wounded, poisoned, 75% to hit)
The sting hits Crazy Yiuf.
Crazy Yiuf looks even sicker.
Crazy Yiuf is moderately wounded.
Crazy Yiuf hits you with a +4 quarterstaff of chaos!
* * * LOW HITPOINT WARNING * * *
You feel drained.
* * * LOW HITPOINT WARNING * * *
Casting: Sting (safe; 4% risk of failure)
Confirm with . or Enter, or press ? or * to list all spells.
Aiming: Sting (safe; 4% risk of failure)
Press: ? - help, Shift-Dir - straight line, f/p - Crazy Yiuf
Aim: Crazy Yiuf, wielding a +4 quarterstaff of chaos and wearing a +0 cloak (moderately wounded, very poisoned, 75% to hit)
You miscast Sting.
You are very lightly contaminated with residual magic.
Nothing appears to happen.
Crazy Yiuf hits you with a +4 quarterstaff of chaos!
You die...

#.#######
#.##########
#.##........ #####
)#.##.###..[.
#).)#))####.###...#
#) #)))#))
#.##..... #)) )))
)# #.##....#
#))##g##)##
#.....<..
#))))@))))#
####.....
#)))))))))# #.###.
#)))))))))# #.# #.
#)))))))))# #.# #.
##))))))))# ###(#
#. #)))..)))# #...#
#. #))....))# #.###
#. ###....### #.#
#. #....# ##.# #.


You could see Crazy Yiuf (very poisoned).

Vanquished Creatures
  Natasha (D:2)
  4 dart slugs
  A ribbon worm (D:2)
  3 ball pythons (D:1)
  5 endoplasms
  2 goblins
  4 hobgoblins
  6 jackals
  6 quokkas
  5 bats
  3 frilled lizards
  5 kobolds
  7 rats
52 creatures vanquished.

Notes
Turn   | Place    | Note
-------+----------+-------------------------------------------
     0 | D:1      | edsrzf the Formicid Alchemist began the quest for the Orb.
     0 | D:1      | Reached XP level 1. HP: 13/13 MP: 3/3
    48 | D:1      | Reached skill level 1 in Conjurations
   109 | D:1      | Reached XP level 2. HP: 19/19 MP: 0/5
   470 | D:1      | Reached XP level 3. HP: 24/24 MP: 2/7
   526 | D:1      | Reached skill level 3 in Spellcasting
   629 | D:1      | Reached skill level 2 in Conjurations
  1413 | D:2      | Reached XP level 4. HP: 29/30 MP: 1/8
  1832 | D:2      | Noticed Sigmund
  1849 | D:2      | Learned a level 3 spell: Mephitic Cloud
  1912 | D:2      | Noticed Natasha
  1935 | D:2      | Identified 2 potions of brilliance
  1936 | D:2      | Identified a potion of berserk rage
  1937 | D:2      | Identified a potion of might
  1938 | D:2      | HP: 1/28 [cerulean imp/+2 spear[Natasha] (3)]
  1940 | D:2      | Identified a potion of curing
  1946 | D:2      | Killed Natasha
  2161 | D:2      | Found a runed translucent door.
  2164 | D:2      | Identified the +2 hammer "Qefeorem" {elec, rC+ Int+3 Dex-3
                  | SInv}
  2164 | D:2      | Noticed Crazy Yiuf
  2172 | D:2      | Mangled by Crazy Yiuf

Illustrated notes

Levels and vault maps discovered:
D:1:      evilmike_arrival_plus, layout_loops_ring, minmay_misc_feat_five,
          minmay_three_crescents
D:2:      minmay_evil_eye, layout_loops_cross, minmay_split_cup_large,
          uniq_sigmund, uniq_crazy_yiuf_cottage, uniq_natasha

Skill      XL: |  1  2  3 |
---------------+----------+-----
Conjurations   | 1 2 |  2.7
Spellcasting   | 3 |  3.6
Dodging        | |  1.7
Stealth        | |  2.4
Alchemy        | |  4.0

Action                     |  1- 3 |  4- 6 || total
---------------------------+-------+-------++-------
  Melee: Unarmed           |    13 |     4 ||    17
   Cast: Sting             |    67 |    36 ||   103
Ability: Dig               |       |     1 ||     1
    Use: Potion            |       |     4 ||     4
 Armour: Robe              |     9 |    17 ||    26
  Dodge: Dodged            |    13 |    17 ||    30
